[Event "Sambir Charity 2024"]
[Site "Sambir"]
[Date "2024.09.22"]
[Round "1.2"]
[White "Karvatskyi, Oleksii"]
[Black "Popovych, Roksolana"]
[Result "1-0"]
[ECO "A00"]
[WhiteElo "2144"]
[BlackElo "1472"]
[PlyCount "59"]
[EventDate "2024.09.10"]
[EventType "swiss"]
[EventCountry "UKR"]
[TimeControl "5400+30"]

1. Nc3 e5 2. Nf3 Nc6 3. d4 exd4 4. Nxd4 Bc5 5. Nf5 Qf6 6. g4 Nge7 7. Ne4 Qe5 8. Nxc5 Qxc5 9. Nxg7+ Kf8 10. Bh6 Kg8 11. Qd2 Qd5 12. Ne8 Qxd2+ 13. Kxd2 f6 14. Nxc7 Rb8 15. e4 d6 16. Bc4+ d5 17. Nxd5 Be6 18. Nxe7+ Kf7 19. Nxc6 bxc6 20. Bxe6+ Kxe6 21. Kc3 Rhg8 22. h3 Rb5 23. Be3 a6 24. f4 Rgb8 25. b3 Rb4 26. Rhe1 Kd6 27. Ba7 R8b7 28. Rad1+ Ke6 29. a4 c5 30. Bxc5 {[%emt 0:00:28] Kd5} 1-0

[Event "Sambir Charity 2024"]
[Site "Sambir"]
[Date "2024.09.22"]
[Round "1.3"]
[White "Pupa, Danylo"]
[Black "Baziuk, Vladyslav"]
[Result "0-1"]
[ECO "A36"]
[WhiteElo "1449"]
[BlackElo "2247"]
[PlyCount "60"]
[EventDate "2024.09.10"]
[EventType "swiss"]
[EventCountry "UKR"]
[TimeControl "5400+30"]

1. c4 c5 2. Nc3 Nc6 3. g3 g6 4. Bg2 Bg7 5. d3 e5 6. e4 d6 7. Nge2 Nge7 8. Be3 O-O 9. O-O f5 10. Nd5 h6 11. Qd2 Kh7 12. a3 a5 13. f4 Nd4 14. Bxd4 cxd4 15. b4 Nxd5 16. exd5 Re8 17. b5 Qb6 18. a4 e4 19. Rfe1 exd3 20. Qxd3 Re3 21. Qd2 d3 22. Kh1 dxe2 23. Ra2 Bd7 24. Rxe2 Rae8 25. Bf1 Rxe2 26. Bxe2 Qf2 27. Qd3 Bd4 28. Qd1 b6 29. Rd2 Bg7 30. Bd3 Re1+ 0-1

[Event "Sambir Charity 2024"]
[Site "Sambir"]
[Date "2024.09.22"]
[Round "1.4"]
[White "Mikhaletz, Lubomir"]
[Black "Bondarenko, Viktoria B."]
[Result "1-0"]
[ECO "B30"]
[WhiteElo "2272"]
[BlackElo "1460"]
[PlyCount "37"]
[EventDate "2024.09.10"]
[EventType "swiss"]
[EventCountry "UKR"]
[TimeControl "5400+30"]

1. e4 c5 2. Nf3 Nc6 3. b3 g6 4. Bb2 Nf6 5. e5 Ng8 6. e6 f6 7. d4 cxd4 8. Nxd4 Nxd4 9. Qxd4 dxe6 10. Bb5+ Bd7 11. Nc3 Bxb5 12. Qxd8+ Kxd8 13. Nxb5 e5 14. O-O-O+ Kc8 15. Rd3 e6 16. Rc3+ Kd8 17. Rd1+ Ke7 18. Rc7+ Ke8 19. Rxb7 1-0

[Event "Sambir Charity 2024"]
[Site "Sambir"]
[Date "2024.09.22"]
[Round "2.1"]
[White "Dubnevych, Maksym"]
[Black "Martseniuk, Oleksandr"]
[Result "1-0"]
[ECO "C15"]
[WhiteElo "2267"]
[BlackElo "1695"]
[PlyCount "115"]
[EventDate "2024.09.10"]
[EventType "swiss"]
[EventCountry "UKR"]
[TimeControl "5400+30"]

1. Nc3 e6 2. d4 d5 3. e4 Bb4 4. exd5 exd5 5. Bd3 Nf6 6. Nge2 Bg4 7. f3 Bh5 8. Nf4 Bg6 9. Qe2+ Qe7 10. Qxe7+ Kxe7 11. Nxg6+ hxg6 12. Bg5 Bxc3+ 13. bxc3 c6 14. O-O Nbd7 15. c4 Rae8 16. Rab1 b6 17. cxd5 cxd5 18. a4 Kd6 19. a5 Kc6 20. Bb5+ Kc7 21. Bf4+ Kb7 22. Ra1 a6 23. Bd3 b5 24. Rab1 Kc6 25. Rb3 Rc8 26. Re1 Rhe8 27. Rxe8 Nxe8 28. Rb1 Nd6 29. Bd2 Re8 30. Kf2 Nc4 31. Bb4 Nb8 32. h4 Kd7 33. Bxc4 dxc4 34. d5 Re5 35. Rd1 Re8 36. g4 f6 37. h5 g5 38. Rh1 Rh8 39. Kg3 Kd8 40. Re1 Re8 41. Rh1 Rh8 42. f4 gxf4+ 43. Kxf4 Nd7 44. Bd6 Nf8 45. Kf5 Ke8 46. Re1+ Kd7 47. Bxf8 Rxf8 48. Kg6 b4 49. Kxg7 Rb8 50. h6 Kd6 51. h7 Rb7+ 52. Kg6 Rb8 53. Re6+ Kxd5 54. Rb6 b3 55. cxb3 Rxb6 56. axb6 cxb3 57. h8=Q b2 58. Qh1+ 1-0

[Event "Sambir Charity 2024"]
[Site "Sambir"]
[Date "2024.09.22"]
[Round "2.2"]
[White "Farkash, Denys"]
[Black "Karvatskyi, Oleksii"]
[Result "0-1"]
[ECO "B40"]
[WhiteElo "1732"]
[BlackElo "2144"]
[PlyCount "96"]
[EventDate "2024.09.10"]
[EventType "swiss"]
[EventCountry "UKR"]
[TimeControl "5400+30"]

1. e4 c5 2. Nf3 e6 3. c3 d5 4. exd5 exd5 5. d4 Nf6 6. Bd3 Bd6 7. h3 O-O 8. O-O Nbd7 9. Re1 Re8 10. Bg5 Rxe1+ 11. Qxe1 Nf8 12. Ne5 Ne6 13. Be3 b6 14. Nd2 Qc7 15. Ndf3 Bb7 16. Rc1 Re8 17. b4 c4 18. Bb1 Ne4 19. Nd2 Bxe5 20. dxe5 Qxe5 21. Nf3 Qb8 22. Nd2 Nf4 23. Bxf4 Qxf4 24. Bxe4 dxe4 25. Nxc4 f5 26. Qe3 Qc7 27. Nd2 Kh8 28. Re1 Rd8 29. Nb3 f4 30. Qc1 Rd3 31. c4 Qf7 32. Rd1 f3 33. g3 Qe6 34. Rxd3 exd3 35. Qe3 Qxc4 36. Qe8+ Qg8 37. Qxg8+ Kxg8 38. Kf1 Bd5 39. Ke1 Kf7 40. Kd2 Bc4 41. Kc3 b5 42. a3 Bxb3 43. Kxb3 Ke6 44. Kc3 Kd5 45. Kxd3 g6 46. g4 g5 47. Ke3 Kc4 48. Kxf3 Kd5 0-1

[Event "Sambir Charity 2024"]
[Site "Sambir"]
[Date "2024.09.22"]
[Round "2.3"]
[White "Baziuk, Vladyslav"]
[Black "Kryvoruchko, Mykhaylo"]
[Result "1-0"]
[ECO "D30"]
[WhiteElo "2247"]
[BlackElo "1585"]
[PlyCount "119"]
[EventDate "2024.09.10"]
[EventType "swiss"]
[EventCountry "UKR"]
[TimeControl "5400+30"]

1. d4 d5 2. c4 e6 3. Nf3 a6 4. g3 Nf6 5. Bg2 Be7 6. O-O O-O 7. Qc2 Nc6 8. Rd1 Nb4 9. Qb3 dxc4 10. Qxc4 Bd7 11. Nc3 Nbd5 12. Ne5 Nxc3 13. Qxc3 Nd5 14. Qc2 Rb8 15. Bd2 Bb5 16. e3 Bd6 17. Nc4 Qe7 18. a4 Bxc4 19. Qxc4 b5 20. axb5 axb5 21. Qb3 Nf6 22. Ra7 e5 23. dxe5 Qxe5 24. Bc3 Qf5 25. h3 Ne4 26. Be1 Nc5 27. Qd5 Qc2 28. Qd2 Qf5 29. Qe2 Rfd8 30. e4 Qe6 31. Raa1 Nb3 32. Rab1 c5 33. Kh2 Nd4 34. Qf1 b4 35. f4 Qb3 36. e5 Be7 37. f5 Qc2 38. f6 Bf8 39. Bf2 Nb3 40. Rxd8 Rxd8 41. Re1 Nd2 42. Qe2 Qxb2 43. fxg7 Bxg7 44. e6 fxe6 45. Qxe6+ Kh8 46. Re2 Qb3 47. Qc6 Qf7 48. Qxc5 b3 49. Qb6 Bf6 50. Be1 Nb1 51. Re6 Kg7 52. Bf2 Nc3 53. Rc6 Nd1 54. Bc5 Rd2 55. Rc7 Qxc7 56. Qxc7+ Kg6 57. Kh1 Nf2+ 58. Kg1 Nd3 59. Be4+ Kh6 60. Qxh7+ 1-0

[Event "Sambir Charity 2024"]
[Site "Sambir"]
[Date "2024.09.22"]
[Round "2.4"]
[White "Serbin, Mykola"]
[Black "Mikhaletz, Lubomir"]
[Result "0-1"]
[ECO "C13"]
[WhiteElo "1632"]
[BlackElo "2272"]
[PlyCount "50"]
[EventDate "2024.09.10"]
[EventType "swiss"]
[EventCountry "UKR"]
[TimeControl "5400+30"]

1. d4 Nf6 2. Nc3 e6 3. e4 d5 4. Bg5 Be7 5. Bxf6 Bxf6 6. e5 Be7 7. Qg4 O-O 8. O-O-O c5 9. Nf3 Nc6 10. dxc5 b6 11. cxb6 Qxb6 12. Bd3 Rb8 13. Na4 Qa5 14. b3 Rb4 15. Qh3 g6 16. Rde1 Rxa4 17. bxa4 Nb4 18. Kd1 Nxd3 19. cxd3 Qxa4+ 20. Ke2 Ba6 21. Rd1 Qc2+ 22. Rd2 Bxd3+ 23. Ke3 Qc5+ 24. Kxd3 Qc4+ 25. Ke3 Qe4# 0-1

[Event "Sambir Charity 2024"]
[Site "Sambir"]
[Date "2024.09.22"]
[Round "3.1"]
[White "Fainkihen, Efim"]
[Black "Dubnevych, Maksym"]
[Result "0-1"]
[ECO "A14"]
[WhiteElo "1989"]
[BlackElo "2267"]
[PlyCount "92"]
[EventDate "2024.09.10"]
[EventType "swiss"]
[EventCountry "UKR"]
[TimeControl "5400+30"]

1. c4 e6 2. g3 d5 3. Bg2 Nf6 4. Nf3 Be7 5. O-O O-O 6. b3 c5 7. Bb2 Nc6 8. cxd5 exd5 9. d4 b6 10. Nc3 Bb7 11. Rc1 Ne4 12. dxc5 Nxc3 13. Bxc3 bxc5 14. Ne5 Nxe5 15. Bxe5 Qd7 16. Qd3 Qe6 17. Bb2 Rfd8 18. Rfe1 a5 19. Qc3 d4 20. Qc4 Bxg2 21. Qxe6 fxe6 22. Kxg2 a4 23. b4 cxb4 24. Rc4 e5 25. f4 Rac8 26. Rec1 Rxc4 27. Rxc4 exf4 28. gxf4 d3 29. exd3 Rxd3 30. Be5 Rd2+ 31. Kf3 Rxa2 32. Rc7 Kf8 33. Rb7 b3 34. Ke4 Bf6 35. Bxf6 gxf6 36. Kf5 Rf2 37. Kxf6 Rxf4+ 38. Ke5 Rf2 39. Rb8+ Kg7 40. Rb7+ Kg6 41. Rb6+ Kg5 42. Kd4 b2 43. Kc3 a3 44. Rb5+ Kg4 45. Rb4+ Kh3 46. Rb3 Rf3+ 0-1

[Event "Sambir Charity 2024"]
[Site "Sambir"]
[Date "2024.09.22"]
[Round "3.2"]
[White "Karvatskyi, Oleksii"]
[Black "Tretiak, Igor"]
[Result "1/2-1/2"]
[ECO "A00"]
[WhiteElo "2144"]
[BlackElo "1828"]
[PlyCount "136"]
[EventDate "2024.09.10"]
[EventType "swiss"]
[EventCountry "UKR"]
[TimeControl "5400+30"]

1. Nc3 d5 2. e4 dxe4 3. Nxe4 Bf5 4. Ng3 Bg6 5. Nf3 Nf6 6. Bb5+ c6 7. Bc4 Nbd7 8. d4 e6 9. Bf4 Be7 10. c3 Qb6 11. Qe2 Nd5 12. Bc1 O-O 13. O-O Bd6 14. Bd3 Bxd3 15. Qxd3 h6 16. c4 Nb4 17. Qe2 c5 18. a3 Nc6 19. dxc5 Bxc5 20. b4 Nd4 21. Nxd4 Bxd4 22. c5 Qc7 23. Ra2 b6 24. Rd1 bxc5 25. Rc2 Qb7 26. bxc5 Bxc5 27. Ne4 Be7 28. Qf3 Kh8 29. Re2 Nf6 30. Rde1 Nxe4 31. Rxe4 Qc7 32. Qh5 Qc5 33. Re5 Qd4 34. h3 Bf6 35. R5e4 Qd5 36. Qf3 Qd8 37. Rd1 Qe7 38. Qh5 Bg5 39. f4 Bf6 40. Kh1 Rfd8 41. Rf1 Qb7 42. Rb4 Qd5 43. Qxf7 Rd7 44. Qg6 Qd3 45. Qxd3 Rxd3 46. Re4 Be7 47. a4 Bf6 48. Rxe6 Rd4 49. a5 Ra4 50. a6 Kg8 51. Be3 Kf7 52. f5 Re8 53. Rxe8 Kxe8 54. Bxa7 Rxa6 55. Be3 Ra1 56. Rxa1 Bxa1 57. g4 Ke7 58. Kg2 Kf6 59. Kf3 Ke5 60. Bc5 h5 61. Bf8 hxg4+ 62. Kxg4 Kf6 63. h4 g6 64. fxg6 Kxg6 65. h5+ Kh7 66. Kf5 Bb2 67. h6 Bc1 68. Kg4 Bxh6 1/2-1/2

[Event "Sambir Charity 2024"]
[Site "Sambir"]
[Date "2024.09.22"]
[Round "3.3"]
[White "Baluh, Alina"]
[Black "Baziuk, Vladyslav"]
[Result "0-1"]
[ECO "D94"]
[WhiteElo "1600"]
[BlackElo "2247"]
[PlyCount "130"]
[EventDate "2024.09.10"]
[EventType "swiss"]
[EventCountry "UKR"]
[TimeControl "5400+30"]

1. d4 Nf6 2. c4 g6 3. Nc3 d5 4. e3 Bg7 5. Nf3 O-O 6. Be2 dxc4 7. Bxc4 c5 8. O-O cxd4 9. Nxd4 a6 10. b3 b5 11. Be2 Bb7 12. Bb2 Qb6 13. Bf3 Nbd7 14. Bxb7 Qxb7 15. Qf3 Qxf3 16. Nxf3 Nc5 17. Rfd1 Rfc8 18. Rac1 b4 19. Ne2 Nfe4 20. Bxg7 Kxg7 21. Rc4 a5 22. Rdc1 Rd8 23. g3 Nd3 24. Rf1 f5 25. Ned4 Kf6 26. Rc6+ Rd6 27. Rc7 Raa6 28. Nb5 Rd5 29. Nbd4 g5 30. Rc2 h6 31. Rd1 Ndxf2 32. Rxf2 Nxf2 33. Kxf2 e5 34. Rc1 exd4 35. Nxd4 f4 36. gxf4 gxf4 37. Rc8 fxe3+ 38. Kxe3 Rh5 39. Nf3 Re6+ 40. Kf2 Rd5 41. Rc2 Rd1 42. Kg3 Rdd6 43. Rc5 Ra6 44. Kf4 Rec6 45. Rf5+ Kg7 46. Re5 Rf6+ 47. Kg3 Rfe6 48. Rc5 Re2 49. Rc7+ Kf8 50. Rc8+ Ke7 51. Rc7+ Kd8 52. Rh7 Rxa2 53. Nd4 Rd2 54. Nb5 Rd3+ 55. Kg4 Rb6 56. Na7 Rxb3 57. Rh8+ Kc7 58. Nc8 Rc6 59. Ne7 Rd6 60. Nf5 Rg6+ 61. Kf4 a4 62. Nxh6 Rh3 63. Rh7+ Kb6 64. Rh8 Rhxh6 65. Rb8+ Ka5 0-1

[Event "Sambir Charity 2024"]
[Site "Sambir"]
[Date "2024.09.22"]
[Round "3.4"]
[White "Mikhaletz, Lubomir"]
[Black "Kipen, Svyatoslav"]
[Result "1-0"]
[ECO "A01"]
[WhiteElo "2272"]
[BlackElo "1769"]
[PlyCount "99"]
[EventDate "2024.09.10"]
[EventType "swiss"]
[EventCountry "UKR"]
[TimeControl "5400+30"]

1. b3 d5 2. Bb2 Nf6 3. e3 g6 4. Bxf6 exf6 5. c4 dxc4 6. Bxc4 Bg7 7. Nc3 O-O 8. Nf3 Nc6 9. d4 f5 10. g3 Re8 11. O-O g5 12. b4 h6 13. Qb3 Qd7 14. Rad1 f4 15. Rfe1 fxg3 16. fxg3 Qf5 17. Bd5 Ne7 18. Be4 Qe6 19. d5 Qf6 20. Nd4 Qe5 21. Bf3 Nf5 22. Ncb5 a6 23. Nxf5 Bxf5 24. Nd4 Be4 25. Rf1 Bxf3 26. Rxf3 g4 27. Rf4 Qxe3+ 28. Qxe3 Rxe3 29. Rxg4 Re5 30. Nf3 Re3 31. Nh4 Re5 32. d6 cxd6 33. Rxd6 Kf8 34. Rd7 Rb5 35. Rf4 f6 36. Nf5 Bh8 37. Nxh6 Rc8 38. Rf7+ Ke8 39. Rh7 Rc1+ 40. Kg2 Rc2+ 41. Kf3 Rc3+ 42. Ke2 Rc2+ 43. Kd3 Rxh2 44. Rxh8+ Kd7 45. Rd4+ Kc7 46. a4 Rbh5 47. Rc4+ Kd7 48. Rh7+ Kd6 49. Nf5+ Ke5 50. Rc5+ 1-0

[Event "Sambir Charity 2024"]
[Site "Sambir"]
[Date "2024.09.22"]
[Round "4.1"]
[White "Dubnevych, Maksym"]
[Black "Bondarenko, Stanislav"]
[Result "1-0"]
[ECO "B07"]
[WhiteElo "2267"]
[BlackElo "1780"]
[PlyCount "43"]
[EventDate "2024.09.10"]
[EventType "swiss"]
[EventCountry "UKR"]
[TimeControl "5400+30"]

1. Nc3 Nf6 2. e4 d6 3. d4 g6 4. Bg5 Bg7 5. e5 dxe5 6. dxe5 Qxd1+ 7. Rxd1 Ng4 8. h3 Nxe5 9. Nd5 O-O 10. Nxc7 Bf5 11. Nxa8 Nbc6 12. Nc7 Bxc2 13. Rd2 Be4 14. Nd5 f6 15. Bf4 e6 16. Nc3 g5 17. Bxe5 Bxg2 18. Bxg2 Nxe5 19. Nf3 Nc4 20. Re2 f5 21. O-O g4 22. Ng5 1-0

[Event "Sambir Charity 2024"]
[Site "Sambir"]
[Date "2024.09.22"]
[Round "4.2"]
[White "Baziuk, Vladyslav"]
[Black "Stoyko, Oleh"]
[Result "1/2-1/2"]
[ECO "B12"]
[WhiteElo "2247"]
[BlackElo "1792"]
[PlyCount "174"]
[EventDate "2024.09.10"]
[EventType "swiss"]
[EventCountry "UKR"]
[TimeControl "5400+30"]

1. e4 c6 2. d4 d5 3. e5 c5 4. dxc5 e6 5. a3 Bxc5 6. Nf3 f6 7. b4 Bb6 8. Bb2 Nh6 9. Bd3 O-O 10. O-O Nc6 11. exf6 gxf6 12. Nbd2 e5 13. c4 d4 14. Re1 Bc7 15. Qc2 Qd7 16. b5 Nd8 17. c5 Qg7 18. Nc4 Ne6 19. Nd6 Nf4 20. g3 Bxd6 21. cxd6 Bg4 22. Nh4 Rac8 23. Qd2 Rcd8 24. a4 Nxd3 25. Qxd3 Rf7 26. Ba3 Be6 27. Rac1 f5 28. Qd2 e4 29. Red1 Bb3 30. Re1 Ng4 31. Qb4 Be6 32. Bb2 Qe5 33. Qxd4 Qxd4 34. Bxd4 Rxd6 35. Bc5 Rd2 36. Bxa7 Ra2 37. Ra1 Rb2 38. Bd4 Rb4 39. Bc5 Rc4 40. Rec1 Rxc1+ 41. Rxc1 Rc7 42. a5 Rc8 43. Ng2 Ne5 44. Ba3 Nf3+ 45. Kh1 Rxc1+ 46. Bxc1 Bc4 47. a6 bxa6 48. b6 Bd5 49. Ne3 Bb7 50. Nxf5 Nd2 51. Kg1 Nc4 52. Be3 a5 53. Bc5 a4 54. Nd6 Nxd6 55. Bxd6 Kf7 56. Kf1 Ke6 57. Ba3 Kd5 58. Ke2 Kc4 59. Kd2 Kb3 60. Be7 a3 61. Bf6 Kc4 62. Kc2 Kb5 63. Bd4 Bd5 64. Kc3 a2 65. Kb2 Kc4 66. Be3 Kb5 67. g4 Kc6 68. Bd4 Kd7 69. Ka3 Kc6 70. Kb2 Kd7 71. h4 Be6 72. g5 Bf7 73. Kc2 Kc6 74. Kd2 a1=Q 75. Bxa1 Kxb6 76. Ke3 Bg6 77. h5 Bxh5 78. Kxe4 Bg6+ 79. Ke5 Kc7 80. f4 Kd7 81. f5 Bh5 82. Kf6 Bg4 83. Bb2 Ke8 84. Ba3 Bd1 85. Kg7 Bc2 86. Kf6 Bb1 87. g6 hxg6 1/2-1/2

[Event "Sambir Charity 2024"]
[Site "Sambir"]
[Date "2024.09.22"]
[Round "4.3"]
[White "Terletsky, Oleg A."]
[Black "Mikhaletz, Lubomir"]
[Result "0-1"]
[ECO "B00"]
[WhiteElo "2036"]
[BlackElo "2272"]
[PlyCount "48"]
[EventDate "2024.09.10"]
[EventType "swiss"]
[EventCountry "UKR"]
[TimeControl "5400+30"]

1. e4 Nc6 2. d4 d5 3. e5 f6 4. f4 Nh6 5. Nf3 Bg4 6. c3 e6 7. Bd3 Nf5 8. O-O fxe5 9. fxe5 Be7 10. h3 Bxf3 11. Qxf3 O-O 12. Qg4 g6 13. Rf3 Qe8 14. Na3 h5 15. Qf4 Nfxd4 16. Qh6 Nxf3+ 17. gxf3 Nxe5 18. Bc2 Qf7 19. Be3 Qxf3 20. Rd1 Qg3+ 21. Kh1 Qxh3+ 22. Kg1 Rf3 23. Bf2 Rxf2 24. Kxf2 Ng4+ 0-1

[Event "Sambir Charity 2024"]
[Site "Sambir"]
[Date "2024.09.22"]
[Round "4.4"]
[White "Lemba, Albert"]
[Black "Pankiv, Maksym"]
[Result "0-1"]
[ECO "B90"]
[WhiteElo "1882"]
[BlackElo "1961"]
[PlyCount "97"]
[EventDate "2024.09.10"]
[EventType "swiss"]
[EventCountry "UKR"]
[TimeControl "5400+30"]

1. e4 c5 2. Nf3 d6 3. d4 cxd4 4. Nxd4 Nf6 5. Nc3 a6 6. Rg1 e5 7. Nb3 Be6 8. g4 Be7 9. f4 exf4 10. Bxf4 Nc6 11. Qe2 Ne5 12. h3 Rc8 13. O-O-O Qc7 14. Bxe5 dxe5 15. g5 Nd7 16. Nd5 Bxd5 17. exd5 Nc5 18. h4 b5 19. Bh3 Rd8 20. Rge1 Bd6 21. Kb1 h6 22. Nxc5 Qxc5 23. g6 f6 24. Be6 Qb4 25. h5 Ke7 26. Rd3 Rhf8 27. Rf1 Qc4 28. Qg2 Qh4 29. Bg4 f5 30. Bd1 e4 31. Rc3 Be5 32. Rc6 Rxd5 33. Rxa6 Rfd8 34. Be2 Qh2 35. Ra7+ Ke6 36. Qxh2 Bxh2 37. c4 Rd2 38. Rxg7 Rxe2 39. Rb7 Rdd2 40. Rxb5 f4 41. a4 f3 42. a5 f2 43. Ka2 Be5 44. a6 Re1 45. Rxf2 Rxf2 46. g7 Bxg7 47. a7 Rff1 48. Rb6+ Kf5 49. Kb3 0-1

[Event "Sambir Charity 2024"]
[Site "Sambir"]
[Date "2024.09.22"]
[Round "5.1"]
[White "Polishchuk, Oleg"]
[Black "Dubnevych, Maksym"]
[Result "0-1"]
[ECO "A06"]
[WhiteElo "2078"]
[BlackElo "2267"]
[PlyCount "112"]
[EventDate "2024.09.10"]
[EventType "swiss"]
[EventCountry "UKR"]
[TimeControl "5400+30"]

1. c4 e6 2. Nf3 d5 3. e3 Nf6 4. b3 c5 5. Bb2 Nc6 6. cxd5 Nxd5 7. Be2 Be7 8. O-O O-O 9. Nc3 Nf6 10. Rc1 b6 11. d4 cxd4 12. Nb5 d3 13. Bxd3 Bb7 14. Qe2 a6 15. Nbd4 Nb4 16. Bb1 Rc8 17. Rxc8 Qxc8 18. Rc1 Qa8 19. a3 Nbd5 20. b4 Rc8 21. Rxc8+ Qxc8 22. Qd3 Qc7 23. g4 e5 24. Nf5 e4 25. Qd4 exf3 26. g5 Bd8 27. Be4 Qd7 28. h4 Nxe3 29. gxf6 Qxd4 30. Bxd4 Bxe4 31. Ne7+ Bxe7 32. fxe7 Bc6 33. Bxe3 b5 34. Kh2 f6 35. Kg3 Kf7 36. Bc5 g5 37. hxg5 fxg5 38. Kg4 Kg6 39. Be3 h5+ 40. Kg3 Kf5 41. Bb6 h4+ 42. Kh3 Bd7 43. Bc5 Ke4+ 44. Kh2 g4 45. Bd6 Kd3 46. Be5 Ke2 47. Kg1 g3 48. Bd4 gxf2+ 49. Bxf2 h3 50. Bg3 h2+ 51. Kxh2 f2 52. Bxf2 Kxf2 53. Kh1 Ke3 54. Kg2 Be8 55. Kf1 Kd3 56. a4 bxa4 0-1

[Event "Sambir Charity 2024"]
[Site "Sambir"]
[Date "2024.09.22"]
[Round "5.2"]
[White "Mikhaletz, Lubomir"]
[Black "Karpinets, Andrian"]
[Result "1-0"]
[ECO "A01"]
[WhiteElo "2272"]
[BlackElo "1899"]
[PlyCount "79"]
[EventDate "2024.09.10"]
[EventType "swiss"]
[EventCountry "UKR"]
[TimeControl "5400+30"]

1. b3 d5 2. Bb2 Nf6 3. e3 c6 4. f4 Bf5 5. Nf3 h6 6. h3 e6 7. d3 Bc5 8. Qe2 Qb6 9. Nd4 Bh7 10. g4 Bb4+ 11. Nd2 c5 12. N4f3 c4 13. Bd4 Qa5 14. a3 Bc3 15. b4 Bxd2+ 16. Qxd2 Qc7 17. Qc3 Nbd7 18. Ne5 Rc8 19. g5 hxg5 20. fxg5 Nh5 21. Rg1 cxd3 22. Qxc7 Rxc7 23. cxd3 Bf5 24. Be2 f6 25. Nxd7 Rxd7 26. Bxa7 e5 27. Bg4 Bxg4 28. hxg4 Ng3 29. Kf2 Rh3 30. Rxg3 Rh2+ 31. Rg2 Rxg2+ 32. Kxg2 Rc7 33. gxf6 gxf6 34. Bc5 Rg7 35. Kf3 Kd7 36. a4 Kc6 37. Rc1 Rg6 38. b5+ Kd7 39. a5 Rg8 40. a6 1-0

[Event "Sambir Charity 2024"]
[Site "Sambir"]
[Date "2024.09.22"]
[Round "5.3"]
[White "Pankiv, Maksym"]
[Black "Tarleva, Vira"]
[Result "1-0"]
[ECO "E11"]
[WhiteElo "1961"]
[BlackElo "2030"]
[PlyCount "93"]
[EventDate "2024.09.10"]
[EventType "swiss"]
[EventCountry "UKR"]
[TimeControl "5400+30"]

1. d4 Nf6 2. c4 e6 3. Nf3 Bb4+ 4. Nbd2 d5 5. e3 O-O 6. a3 Be7 7. Bd3 c5 8. cxd5 exd5 9. dxc5 Bxc5 10. b4 Bb6 11. Bb2 Be6 12. Nd4 Nc6 13. N2b3 Ne5 14. Be2 Nc4 15. Nxe6 fxe6 16. Bxc4 dxc4 17. Nd2 Qd3 18. Rc1 Ne4 19. Nxe4 Qxe4 20. O-O Rac8 21. Qc2 Qg4 22. h3 Qg5 23. Qe4 Qd5 24. Qg4 Rf7 25. e4 Qc6 26. Kh1 Rcf8 27. f3 Bc7 28. Rfd1 b5 29. Bd4 Bf4 30. Rc2 Rd8 31. g3 Be5 32. Rcd2 c3 33. Bxc3 Rxd2 34. Bxd2 Qc2 35. Rc1 h5 36. Rxc2 hxg4 37. f4 Bd4 38. hxg4 Rd7 39. Kg2 e5 40. Kf3 Kf7 41. Be3 Ba1 42. Ke2 a6 43. Rc6 Bb2 44. Rxa6 Rc7 45. Bc5 Bc1 46. fxe5 Rd7 47. e6+ 1-0

[Event "Sambir Charity 2024"]
[Site "Sambir"]
[Date "2024.09.22"]
[Round "5.4"]
[White "Karvatskyi, Oleksii"]
[Black "Goncharenko, Rostislav"]
[Result "1/2-1/2"]
[ECO "B18"]
[WhiteElo "2144"]
[BlackElo "1731"]
[PlyCount "120"]
[EventDate "2024.09.10"]
[EventType "swiss"]
[EventCountry "UKR"]
[TimeControl "5400+30"]

1. Nc3 c6 2. d4 d5 3. e4 dxe4 4. Nxe4 Bf5 5. Ng3 Bg6 6. Nf3 Nd7 7. Bd3 e6 8. O-O Bd6 9. c4 Ngf6 10. b3 Qe7 11. a3 Rd8 12. Re1 O-O 13. Nf5 Bxf5 14. Bxf5 Rfe8 15. Bb2 Qf8 16. Bd3 Bf4 17. Qc2 g6 18. Rad1 Bh6 19. b4 Bg7 20. Ne5 Nxe5 21. dxe5 Nd7 22. Bf1 Nb6 23. Bd4 Qe7 24. Qb3 Qg5 25. a4 Nc8 26. g3 h5 27. f4 Qe7 28. Bg2 Bf8 29. Bc3 Rxd1 30. Rxd1 Rd8 31. Be1 Rxd1 32. Qxd1 Qc7 33. Qd4 c5 34. Qe4 cxb4 35. Qxb7 Qxb7 36. Bxb7 Nb6 37. Bf2 Nxa4 38. Kf1 Bc5 39. Bc6 Bxf2 40. Bxa4 Bd4 41. Ke2 Kf8 42. h3 Ke7 43. Kd3 Bf2 44. g4 hxg4 45. hxg4 f6 46. exf6+ Kxf6 47. Ke4 Bc5 48. Bc2 Bd6 49. Bb3 a5 50. Bc2 g5 51. fxg5+ Kxg5 52. Bb3 Kxg4 53. c5 Bxc5 54. Bxe6+ Kg3 55. Kd3 a4 56. Bd7 a3 57. Be6 Kf2 58. Kc2 Ke3 59. Kb3 Kd2 60. Ka2 Kc3 1/2-1/2

[Event "Sambir Charity 2024"]
[Site "Sambir"]
[Date "2024.09.22"]
[Round "6.1"]
[White "Dubnevych, Maksym"]
[Black "Mikhaletz, Lubomir"]
[Result "1/2-1/2"]
[ECO "E15"]
[WhiteElo "2267"]
[BlackElo "2272"]
[PlyCount "51"]
[EventDate "2024.09.10"]
[EventType "swiss"]
[EventCountry "UKR"]
[TimeControl "5400+30"]

1. d4 Nf6 2. Nf3 e6 3. c4 b6 4. g3 Bb4+ 5. Bd2 Qe7 6. Bg2 Bb7 7. O-O Bxd2 8. Nbxd2 O-O 9. Qc2 c5 10. e4 d5 11. exd5 exd5 12. Rfe1 Qd6 13. cxd5 Bxd5 14. dxc5 Qxc5 15. Qxc5 bxc5 16. Ne5 Bxg2 17. Kxg2 Nbd7 18. Nxd7 Nxd7 19. Rac1 Rfe8 20. Ne4 f5 21. Nd6 Rxe1 22. Rxe1 g6 23. Re7 Nf6 24. Nb7 Rc8 25. Na5 c4 26. Rxa7 1/2-1/2

[Event "Sambir Charity 2024"]
[Site "Sambir"]
[Date "2024.09.22"]
[Round "6.2"]
[White "Baziuk, Vladyslav"]
[Black "Pankiv, Maksym"]
[Result "*"]
[ECO "E06"]
[WhiteElo "2247"]
[BlackElo "1961"]
[PlyCount "30"]
[EventDate "2024.09.10"]
[EventType "swiss"]
[EventCountry "UKR"]
[TimeControl "5400+30"]

1. d4 Nf6 2. c4 e6 3. g3 d5 4. Nf3 Be7 5. Bg2 O-O 6. O-O dxc4 7. Qc2 Bd7 8. Ne5 Nc6 9. Qxc4 Nxe5 10. dxe5 Nd5 11. Rd1 Qc8 12. Nd2 c5 13. Qg4 Bc6 14. Nc4 Rd8 15. Bh6 Bf8 *

[Event "Sambir Charity 2024"]
[Site "Sambir"]
[Date "2024.09.22"]
[Round "6.3"]
[White "Lemba, Albert"]
[Black "Karvatskyi, Oleksii"]
[Result "0-1"]
[ECO "A01"]
[WhiteElo "1882"]
[BlackElo "2144"]
[PlyCount "118"]
[EventDate "2024.09.10"]
[EventType "swiss"]
[EventCountry "UKR"]
[TimeControl "5400+30"]

1. b3 d5 2. Bb2 Nf6 3. e3 Nbd7 4. f4 g6 5. Nf3 Bg7 6. Be2 O-O 7. O-O b6 8. Ne5 Bb7 9. Nxd7 Qxd7 10. Bf3 c5 11. d3 Rad8 12. Nd2 Rfe8 13. Qe2 d4 14. Bxb7 Qxb7 15. e4 e5 16. fxe5 Rxe5 17. a4 a6 18. Bc1 Nd5 19. Nc4 Nc3 20. Qf3 Re6 21. Bg5 Rde8 22. a5 b5 23. Nb6 h6 24. Bd2 Rf8 25. Qh3 Kh7 26. Kh1 Rfe8 27. Rf2 R8e7 28. Raf1 Re5 29. Qc8 Qxc8 30. Nxc8 Rc7 31. Nb6 Kg8 32. Bf4 g5 33. Bxe5 Bxe5 34. g3 Kg7 35. Kg2 f6 36. h4 g4 37. h5 Kf7 38. Re1 Ke6 39. Nd5 Nxd5 40. exd5+ Kxd5 41. Rf5 Rg7 42. Ref1 c4 43. bxc4+ bxc4 44. Rb1 cxd3 45. cxd3 Rc7 46. Rb6 Rc3 47. Rxa6 Rxd3 48. Ra8 Rxg3+ 49. Kf2 Ra3 50. Ke2 Ke4 51. Rf1 Ra2+ 52. Kd1 Ra1+ 53. Ke2 d3+ 54. Kf2 g3+ 55. Kg2 Ra2+ 56. Kh3 f5 57. Rh1 Rh2+ 58. Rxh2 gxh2 59. Kg2 d2 0-1

[Event "Sambir Charity 2024"]
[Site "Sambir"]
[Date "2024.09.22"]
[Round "6.4"]
[White "Kravets, Ivan"]
[Black "Bondarenko, Stanislav"]
[Result "0-1"]
[ECO "B22"]
[WhiteElo "2149"]
[BlackElo "1780"]
[PlyCount "30"]
[EventDate "2024.09.10"]
[EventType "swiss"]
[EventCountry "UKR"]
[TimeControl "5400+30"]

1. e4 c5 2. c3 Nc6 3. d4 cxd4 4. cxd4 d5 5. exd5 Qxd5 6. Nf3 e6 7. Nc3 Bb4 8. Bd3 Nf6 9. O-O Bxc3 10. bxc3 O-O 11. c4 Qh5 12. Rb1 Rd8 13. Rb5 e5 14. dxe5 a6 15. Rb1 Bf5 0-1

[Event "Sambir Charity 2024"]
[Site "Sambir"]
[Date "2024.09.22"]
[Round "7.1"]
[White "Karvatskyi, Oleksii"]
[Black "Dubnevych, Maksym"]
[Result "0-1"]
[ECO "C58"]
[WhiteElo "2144"]
[BlackElo "2267"]
[PlyCount "64"]
[EventDate "2024.09.10"]
[EventType "swiss"]
[EventCountry "UKR"]
[TimeControl "5400+30"]

1. e4 e5 2. Nf3 Nc6 3. Bc4 Nf6 4. Ng5 d5 5. exd5 Na5 6. Bb5+ c6 7. dxc6 bxc6 8. Bd3 Nd5 9. h4 h6 10. Qh5 Qf6 11. Ne4 Qe7 12. g3 g6 13. Qe2 Nb4 14. a3 Nxd3+ 15. Qxd3 f5 16. Nec3 Bg7 17. b4 Nb7 18. Bb2 O-O 19. Qc4+ Be6 20. Qxc6 Rac8 21. Qg2 Nd6 22. Nd5 Qb7 23. Nbc3 Kh7 24. h5 g5 25. O-O-O a5 26. Rhg1 e4 27. Ne3 axb4 28. axb4 Qxb4 29. d4 Rxc3 30. Bxc3 Qxc3 31. Qf1 Ra8 32. Qb5 Nxb5 0-1